 Dungeon Crawl Stone Soup version 0.21.1-72-gffa868e (webtiles) character file.

109 Fang the Skirmisher (level 4, -11/43 HPs)
             Began as a Gargoyle Berserker on Aug 3, 2018.
             Was a Follower of Trog.
             Mangled by an orc warrior
             ... wielding a +0 dire flail
              (15 damage)
             ... on level 2 of the Dungeon.
             The game lasted 00:00:57 (1255 turns).

Fang the Skirmisher (Gargoyle Berserker)            Turns: 1255, Time: 00:00:57

Health: -11/43     AC:  5    Str: 27    XL:     4   Next: 89%
Magic:  4/4        EV: 12    Int:  7    God:    Trog [*.....]
Gold:   47         SH:  0    Dex:  9    Spells: 3/3 levels left

rFire    . . .     SeeInvis .   a - +0 hand axe
rCold    . . .     Gourm    .   (no shield)
rNeg     + . .     Faith    .   b - +0 animal skin
rPois    ∞         Spirit   .   (no helmet)
rElec    +         Reflect  .   (no cloak)
rCorr    .         Harm     .   (no gloves)
MR       .....                  (no boots)
Stlth    ..........             (no amulet)
HPRegen  0.14/turn              (no ring)
MPRegen  0.09/turn              (no ring)

@: berserking, very quick
A: negative energy resistance 1, electricity resistance, unbreathing,
petrification resistance, rot immunity, AC +3
a: Berserk, Burn Spellbooks, Renounce Religion


You were on level 2 of the Dungeon.
You worshipped Trog.
Trog was aware of your devotion.
You were hungry.

You visited 1 branch of the dungeon, and saw 2 of its levels.

You collected 47 gold pieces.

Inventory:

Hand Weapons
 a - a +0 hand axe (weapon)
Armour
 b - a +0 animal skin (worn)
Jewellery
 j - an uncursed amulet of guardian spirit {unknown}
Scrolls
 e - a scroll of amnesia {unknown}
 f - a scroll of enchant armour {unknown}
 i - a scroll of enchant weapon {unknown}
Potions
 d - a potion of mutation {unknown}
 g - a potion of agility {unknown}
 h - a potion of cancellation {unknown}
 k - a potion of heal wounds {unknown}
Comestibles
 c - 2 rations
 l - a chunk of flesh


   Skills:
 + Level 4.2 Fighting
 + Level 3.7 Axes
 + Level 2.4 Armour
 + Level 2.1 Dodging
 + Level 1.3 Stealth


You had 3 spell levels left.
You didn't know any spells.

Dungeon Overview and Level Annotations

Branches:
Dungeon (2/15)

Altars:
Wu Jian


Innate Abilities, Weirdness & Mutations

You are resistant to torment.
Your stone body is resilient. (AC +3)
You are immune to poison.
You resist negative energy. (rN+)
You are resistant to electric shocks. (rElec)
You can survive without breathing.
You are immune to petrification.
You are immune to rotting.


Message History

Ouch! That really hurt!
* * * LOW HITPOINT WARNING * * *
You are too injured to fight recklessly!
You are too injured to fight recklessly!
You are too injured to fight recklessly!
You are too injured to fight recklessly!
You are too injured to fight recklessly!
You are too injured to fight recklessly!
You are too injured to fight recklessly!
You are too injured to fight recklessly!
You are too injured to fight recklessly!
You are too injured to fight recklessly!
You are too injured to fight recklessly!
You are too injured to fight recklessly!
A red film seems to cover your vision as you go berserk!
You feel yourself moving faster!
You feel mighty!
You are feeling hungry.
You feel a strong urge to attack something.
The orc warrior hits you with a dire flail!
You die...

.## ##.######
#.###........#
##.#>#######.#
###.## ...## ##.#
##.####
......######.#####
##.##.#......ogo@#
...##.#.####.###?###
.........# #.....#
...##.#..# #.#.#.#
#.###.#..## .......#
..........####.#.#.#
#.#####...####.....#
#.#####..........# #
#.#.......########


You could see an orc warrior, an orc and a hobgoblin.

Vanquished Creatures
  An orc priest (D:2)
  A gnoll (D:1)
  4 adders (D:2)
  An ooze (D:1)
  A worm (D:2)
  A dart slug (D:1)
  2 leopard geckos
  A giant cockroach (D:2)
  4 goblins
  4 hobgoblins
  A quokka (D:2)
  A bat (D:1)
  A frilled lizard (D:1)
  3 rats (D:1)
26 creatures vanquished.

Notes
Turn   | Place    | Note
-------+----------+-------------------------------------------
     0 | D:1      | Fang the Gargoyle Berserker began the quest for the Orb.
     0 | D:1      | Reached XP level 1. HP: 14/14 MP: 1/1
    43 | D:1      | Reached XP level 2. HP: 18/20 MP: 2/2
   283 | D:1      | Reached XP level 3. HP: 23/24 MP: 3/3
   612 | D:2      | Reached skill level 4 in Fighting
   762 | D:2      | Reached XP level 4. HP: 18/29 MP: 4/4
  1075 | D:2      | Reached skill level 1 in Stealth
  1189 | D:2      | Found an ornate altar of the Wu Jian Council.
  1248 | D:2      | Noticed an orc warrior
  1255 | D:2      | Mangled by an orc warrior

Skill      XL: |  1  2  3  4 |
---------------+-------------+-----
Axes           | 3 |  3.7
Fighting       | 4 |  4.2
Stealth        | 1 |  1.3
Dodging        | 2 |  2.1
Armour         | |  2.4

Action                   |  1- 3 |  4- 6 || total
-------------------------+-------+-------++-------
Melee: Hand axe          |    67 |    32 ||    99
Invok: Berserk           |       |     2 ||     2
 Stab: Sleeping          |     1 |     2 ||     3
  Eat: Chunk             |       |     2 ||     2
Armor: Animal skin       |    19 |     9 ||    28
Dodge: Dodged            |    43 |    18 ||    61
